 Dungeon Crawl Stone Soup version 0.20-a0-509-ga2a529b (webtiles) character file.

4202 Kaname the Skirmisher (level 10, 79/79 HPs)
             Began as a Demonspawn Skald on Jan 22, 2017.
             Was an Initiate of Vehumet.
             Quit the game on level 8 of the Dungeon.
             The game lasted 00:37:03 (11818 turns).

Kaname the Skirmisher (Demonspawn Skald)           Turns: 11818, Time: 00:37:04

Health: 79/79      AC:  9    Str: 13    XL:     10   Next: 8%
Magic:  22/22      EV: 14    Int: 23    God:    Vehumet [......]
Gold:   308        SH:  5    Dex: 12    Spells: 10/13 levels left

rFire    + . .     SeeInvis .   x - +0 trident
rCold    . . .     Gourm    .   K - +1 leather armour {rF+}
rNeg     . . .     Faith    .   B - +0 buckler
rPois    .         Spirit   +   y - +0 helmet
rElec    .         Reflect  .   n - +0 cloak
rCorr    .         Harm     .   d - +0 pair of gloves
MR       .....                  (boots unavailable)
Stlth    ++........             (no amulet)
Regen    0.3/turn               L - +6 ring of intelligence
                                w - ring of magical power

@: no status effects
A: talons 3, molten scales 1, magic shield, magic regeneration, magic link
a: Renounce Religion


You were on level 8 of the Dungeon.
You worshipped Vehumet.
Vehumet was noncommittal.
You were not hungry.

You visited 2 branches of the dungeon, and saw 9 of its levels.
You also visited: Ossuary.

You collected 593 gold pieces.
You spent 285 gold pieces at shops.

Inventory:

Hand Weapons
 x - a +0 trident (weapon)
Armour
 d - a +0 pair of gloves (worn)
 n - a +0 cloak (worn)
 y - a +0 helmet (worn)
 B - a +0 buckler (worn)
 K - a +1 leather armour of fire resistance (worn)
Jewellery
 w - a ring of magical power (left hand)
 L - a +6 ring of intelligence (right hand)
Wands
 D - a wand of iceblast (5/15)
 H - a wand of lightning (0/15)
Scrolls
 a - 2 scrolls of magic mapping
 k - 4 scrolls of remove curse
 m - 2 scrolls of amnesia
 q - 3 scrolls of enchant weapon
 r - a scroll of fear
 s - 4 scrolls of enchant armour
 t - 2 scrolls of silence
 u - 3 scrolls of teleportation
 E - 2 scrolls of recharging
 G - a scroll of acquirement {unknown}
Potions
 e - 3 potions of flight
 f - 2 potions of haste
 g - 3 potions of heal wounds
 h - a potion of might {unknown}
 i - 3 potions of curing
 j - a potion of cancellation
 o - a potion of brilliance
 p - 2 potions of beneficial mutation
 z - a potion of mutation {unknown}
 A - a potion of agility
 C - a potion of ambrosia
 I - a potion of berserk rage
 J - a potion of resistance
Books
 c - a book of Battle

   Spells                             Type                      Level
   a - Infusion                       Charms                       1
   b - Shroud of Golubria             Charms/Translocation         2
   c - Song of Slaying                Charms                       2
   d - Spectral Weapon                Hexes/Charms                 3
   e - Regeneration                   Charms/Necromancy            3
Comestibles
 b - a chunk of flesh
 l - 7 meat rations
 v - 7 bread rations
 F - 2 fruits


   Skills:
 - Level 7.0 Fighting
 - Level 6.1 Polearms
 - Level 0.8 Armour
 + Level 5.0 Dodging
 - Level 4.6 Stealth
 - Level 4.6 Shields
 - Level 2.0 Spellcasting
 - Level 5.1 Hexes
 - Level 5.0 Charms


You had 10 spell levels left.
You knew the following spells:

 Your Spells              Type           Power        Failure   Level  Hunger
b - Spectral Weapon       Hex/Chrm       ####....     8%          3    ###....


Dungeon Overview and Level Annotations

Branches:
Dungeon (8/15)             Temple (1/1) D:7
   Lair: D:8-11

Altars:
Ashenzari
Cheibriados
Dithmenos
Elyvilon
Fedhas
Hepliaklqana
Kikubaaqudgha
Makhleb
Nemelex Xobeh
Okawaru
Qazlal
Ru
Sif Muna
Trog
Uskayaw
Vehumet
Xom
Yredelemnul
Zin
The Shining One

Shops:
D:4 ?


Innate Abilities, Weirdness & Mutations

You have claws for feet.
You are partially covered in molten scales. (AC +2)
When hurt, damage is shared between your health and your magic reserves.
You regenerate magic rapidly.
When low on magic, you restore magic in place of health.


Message History

Maurice blinks!
Attack whom?
Press: ? - help, Dir - move target cursor, f - Maurice
Aim: Maurice, wielding a long sword and wearing a cloak (severely wounded, covering ground quickly)
You reach to attack!
You closely miss Maurice.
Maurice is severely wounded.
Your spectral weapon hits Maurice from afar!
You puncture Maurice!
You kill Maurice!
Vehumet accepts your kill.
Your Dodging skill increases to level 5!
You have reached level 10!
Your demonic ancestry asserts itself...
Molten scales grow over part of your body.
D - a wand of iceblast (?/15);
C - a potion of ambrosia
s - 4 scrolls of enchant armour (gained 2)
You now have 308 gold pieces.
Things that are here:
a long sword; a cloak Are you sure you want to abandon this character and quit the game? (Confirm with "yes".)

#............................
#........#...................
#........# ..............####
#........###$..#.......)..###
#............###.<#..####....
#........###...#......####...
#####........#...####.#.....(
#........()..## #.######<
#.......@.....###.....##.
#........####..######...[
#........# ##.# ####..
#........# #.#####.....
#........# #....##....#
#........# ####.......#
#........# #........
########## ##....... ###....#


You could see a friendly spectral trident.

Vanquished Creatures
  A two-headed ogre (D:6)
  A cyclops (D:8)
  Maurice (D:8)
  Prince Ribbit (D:5)
  The ghost of Kaname the Vexing, an amateur DsSk (D:5)
  Edmund (D:5)
  An orc warrior (D:6)
  2 ice beasts (D:6)
  An ogre (D:7)
  A phantom (D:4)
  3 bullfrogs
  2 scorpions (D:4)
  5 howler monkeys
  2 crimson imps
  A bullfrog zombie (D:6)
  7 centaur zombies
  3 jellies
  3 hounds
  7 orc priests
  A gnoll shaman (D:5)
  A bullfrog skeleton (D:5)
  An iguana (D:5)
  10 orc wizards
  2 worker ants
  2 mummies (Ossuary)
  8 adders
  4 gnolls
  An ooze (D:4)
  An adder skeleton (D:4)
  A dart slug (D:1)
  4 leopard geckos
  29 orcs
  2 ball pythons (D:1)
  8 giant cockroaches
  12 goblins
  20 hobgoblins
  13 jackals
  11 kobolds
  3 quokkas
  8 bats
  5 frilled lizards
  A goblin zombie (Ossuary)
  12 hobgoblin zombies (Ossuary)
  9 kobold zombies (Ossuary)
  9 orc zombies (Ossuary)
  6 rats
  2 rat zombies (Ossuary)
230 creatures vanquished.

Vanquished Creatures (others)
  An orc wizard (D:4)
  4 spectral weapons
5 creatures vanquished.

Grand Total: 235 creatures vanquished

Notes
Turn   | Place    | Note
-------+----------+-------------------------------------------
     0 | D:1      | Kaname the Demonspawn Skald began the quest for the Orb.
     0 | D:1      | Reached XP level 1. HP: 16/16 MP: 3/3
    94 | D:1      | Gained mutation: You have sharp toenails. [demonic ancestry]
    94 | D:1      | Reached XP level 2. HP: 18/22 MP: 5/5
   649 | D:1      | Gained mutation: You have razor-sharp toenails. [demonic ancestry]
   649 | D:1      | Reached XP level 3. HP: 25/27 MP: 6/6
  1312 | D:1      | Learned a level 3 spell: Spectral Weapon
  1849 | D:2      | Reached XP level 4. HP: 23/33 MP: 2/7
  2744 | D:3      | You fall through a shaft for 3 floors!
  2769 | D:6      | Noticed a two-headed ogre
  2784 | D:5      | Entered Level 5 of the Dungeon
  2804 | D:5      | Noticed Kaname's ghost (amateur DsSk)
  2853 | D:5      | Found a sand-covered staircase.
  2858 | Ossuary  | Entered an ossuary
  3243 | Ossuary  | Reached skill level 5 in Polearms
  3243 | Ossuary  | Gained mutation: When hurt, damage is shared between your health and your magic reserves. [demonic ancestry]
  3243 | Ossuary  | Reached XP level 5. HP: 29/38 MP: 0/8
  3354 | Ossuary  | Gained mutation: You have claws for feet. [demonic ancestry]
  3354 | Ossuary  | Reached XP level 6. HP: 27/44 MP: 7/9
  3639 | D:5      | Found a sparkling altar of Nemelex Xobeh.
  3641 | D:5      | Found a glowing silver altar of Zin.
  3946 | D:5      | Noticed Prince Ribbit
  4801 | D:3      | Found a faded altar of an unknown god.
  5356 | D:4      | Reached skill level 1 in Hexes
  5356 | D:4      | Gained mutation: You regenerate magic rapidly. [demonic ancestry]
  5356 | D:4      | Reached XP level 7. HP: 47/50 MP: 10/10
  6008 | D:4      | Found a snail-covered altar of Cheibriados.
  6141 | D:4      | Found Gyekkyh's Magic Scroll Shop.
  6144 | D:4      | Bought a scroll of identify for 22 gold pieces
  6144 | D:4      | Bought a scroll of recharging for 104 gold pieces
  6144 | D:4      | Bought a scroll of identify for 22 gold pieces
  6144 | D:4      | Bought a scroll of identify for 22 gold pieces
  6144 | D:4      | Bought a scroll of identify for 22 gold pieces
  6144 | D:4      | Bought a scroll of identify for 22 gold pieces
  6144 | D:4      | Bought a scroll of magic mapping for 38 gold pieces
  6144 | D:4      | Bought a scroll of teleportation for 33 gold pieces
  6623 | D:4      | Reached skill level 1 in Shields
  6904 | D:5      | Noticed Edmund
  6936 | D:5      | Killed Edmund
  7132 | D:5      | Reached XP level 8. HP: 55/56 MP: 11/11
  7293 | D:5      | Killed Kaname's ghost
  7754 | D:5      | Killed Prince Ribbit
  7754 | D:5      | Reached skill level 4 in Fighting
  7993 | D:6      | Killed a two-headed ogre
  7993 | D:6      | Reached skill level 6 in Fighting
  7993 | D:6      | Gained mutation: When low on magic, you restore magic in place of health. [demonic ancestry]
  7993 | D:6      | Reached XP level 9. HP: 21/71 MP: 5/12
  8276 | D:6      | Reached skill level 7 in Fighting
  8557 | D:5      | Reached skill level 5 in Charms
  8877 | D:6      | Found a bloodstained altar of Trog.
  8877 | D:6      | Found an iron altar of Okawaru.
  8959 | D:6      | Reached skill level 5 in Hexes
  9000 | D:6      | Reached skill level 1 in Stealth
  9615 | D:7      | Found Bade Vaw's Magic Scroll Shoppe.
  9931 | D:7      | Found a staircase to the Ecumenical Temple.
 10004 | D:7      | Found an iron altar of Okawaru.
 10539 | Temple   | Entered the Ecumenical Temple
 10629 | Temple   | Became a worshipper of Vehumet
 10802 | D:8      | Noticed Maurice
 10928 | D:8      | Noticed a cyclops
 10947 | D:8      | Killed a cyclops
 11815 | D:8      | Killed Maurice
 11815 | D:8      | Reached skill level 5 in Dodging
 11815 | D:8      | Gained mutation: You are partially covered in molten scales. (AC +2) [demonic ancestry]
 11815 | D:8      | Reached XP level 10. HP: 79/79 MP: 13/13
 11818 | D:8      | Quit the game

Vault maps used:
D:1:      grunt_arrival_lava_bath
D:2:      cheibrodos_greedy_goblins, minmay_tetromino_l2
D:3:      first_bread, chequers_ecumenical_altar_simple
D:4:      cheibriados_altar_1, serial_shops, kennysheep_mini
D:5:      minitemple, nicolae_ossuary_entry_ruins, kennysheep_another_room,
          lightli_corner_chamber, uniq_edmund, uniq_prince_ribbit1
D:6:      grunt_temple_overflow_bloody_war
D:7:      basic_altar, serial_shops, shop
D:8:      uniq_maurice
Temple:   eino_temple_scatter_basement
Ossuary:  ossuary_tomb_1

Skill      XL: |  1  2  3  4  5  6  7  8  9 |
---------------+----------------------------+-----
Polearms       | 2 3 5 6 |  6.1
Charms         | 4 5 |  5.0
Hexes          | 1 4 5 |  5.1
Shields        | 3 4 |  4.6
Fighting       | 6 7 |  7.0
Stealth        | 4 |  4.6
Dodging        | 5 |  5.0
Armour         | |  0.8
Spellcasting   | |  2.0

Action                   |  1- 3 |  4- 6 |  7- 9 | 10-12 || total
-------------------------+-------+-------+-------+-------++-------
Melee: Spear             |   222 |   374 |       |       ||   596
       Kick              |    35 |    88 |   106 |       ||   229
       Trident           |       |    71 |   499 |       ||   570
 Cast: Infusion          |     2 |     5 |     8 |       ||    15
       Spectral Weapon   |       |     3 |    22 |       ||    25
Evoke: Wand              |       |       |     2 |       ||     2
  Use: Scroll            |       |     6 |    13 |       ||    19
       Potion            |       |     2 |       |       ||     2
 Stab: Sleeping          |     1 |       |     1 |       ||     2
       Distracted        |       |       |     1 |       ||     1
  Eat: Chunk             |     3 |     8 |    22 |       ||    33
       Bread ration      |       |     1 |       |       ||     1
       Fruit             |       |       |     3 |       ||     3
Armor: Leather armour    |    54 |   109 |   119 |       ||   282
Dodge: Dodged            |    95 |   202 |   187 |       ||   484
Block: Buckler           |       |       |    69 |       ||    69
